 Dungeon Crawl Stone Soup version 0.19-a0-36-g4a0968a (webtiles) character file.

124 M4edhros the Insei (level 5, -1/31 HPs)
             Began as an Octopode Necromancer on May 3, 2016.
             Was a Follower of Cheibriados.
             Killed by divine providence
             ... invoked by an orc priest
              (14 damage)
             ... on level 4 of the Dungeon.
             The game lasted 00:06:56 (1173 turns).

M4edhros the Insei (Octopode Necromancer)           Turns: 1173, Time: 00:06:57

Health: -1/31      AC:  1    Str:  9 (10) XL:     5   Next: 8%
Magic:  8/8        EV: 12    Int: 17 (20) God:    Cheibriados [*.....]
Gold:   190        SH:  0    Dex: 14 (17) Spells: 3 memorised, 3 levels left

rFire  . . .     SeeInvis .       - Unarmed
rCold  . . .     Gourm    .     (no shield)
rNeg   . . .     Faith    .     (helmet restricted)
rPois  .         Spirit   .     (no amulet)
rElec  .         Dismiss  .     (no ring)
rCorr  .         Reflect  .     (no ring)
SustAt .         Harm     .     (no ring)
MR     .....                    (no ring)
Stlth  +++.......               (no ring)
                                (no ring)
                                (no ring)
                                (no ring)

@: exhausted, slowed, very slow, not resistant to hostile enchantments, fairly
stealthy
A: almost no armour, amphibious, 8 rings, constrict 8, camouflage 1, gelatinous
body 1
a: Bend Time, Renounce Religion


You were on level 4 of the Dungeon.
You worshipped Cheibriados.
Cheibriados was aware of your devotion.
You were very hungry.

You visited 1 branch of the dungeon, and saw 4 of its levels.

You collected 190 gold pieces.

Inventory:

Missiles
 m - 4 javelins (quivered)
Magical Staves
 r - an uncursed staff of fire
Scrolls
 c - a scroll of fog
 d - a scroll of enchant weapon
 i - 2 scrolls of identify
 j - a scroll of noise {unknown}
 l - 2 scrolls of teleportation {unknown}
 p - a scroll of magic mapping {unknown}
Potions
 e - a potion of brilliance
Books
 a - a book of Necromancy

   Spells                             Type                      Level
   a - Pain                           Necromancy                   1
   b - Animate Skeleton               Necromancy                   1
   c - Vampiric Draining              Necromancy                   3
   d - Regeneration                   Charms/Necromancy            3
   e - Animate Dead                   Necromancy                   4
   f - Control Undead                 Necromancy                   4
Comestibles
 b - 2 bread rations
 f - a meat ration
 g - a royal jelly
 h - 2 beef jerkies
 o - 4 chunks of flesh


   Skills:
 - Level 2.0 Dodging
 - Level 2.6 Stealth
 + Level 4.5 Unarmed Combat
 - Level 2.0 Spellcasting
 - Level 4.0 Necromancy


You had 3 spell levels left.
You knew the following spells:

 Your Spells              Type           Power        Failure   Level  Hunger
a - Pain                  Necr           ###.         3%          1    #......
b - Animate Skeleton      Necr           N/A          3%          1    #......
r - Regeneration          Chrm/Necr      #.........   24%         3    ###....


Dungeon Overview and Level Annotations

Branches:
Dungeon (4/15)
 Temple: D:4-7

Altars:
Cheibriados
Fedhas
Makhleb

Annotations:
D:4 Grinder


Innate Abilities, Weirdness & Mutations

You cannot wear most types of armour.
You are amphibious.
You can wear up to eight rings at the same time.
You can use your tentacles to constrict eight enemies at once.
Your skin changes colour to match your surroundings (Stealth).
Your rubbery body absorbs attacks (AC +1).


Message History

Unknown command.
Unknown command.
You tentacle-slap the orc priest. You squeeze the orc priest.
The orc priest is moderately wounded.
You constrict Grinder, but do no damage.
You constrict the orc priest. Grinder hits you.
You writhe in agony.
The orc priest closely misses you.
Your orc skeleton hits Grinder.
Unknown command.
Unknown command.
Unknown command.
Read which item? (? for menu, Esc to quit)
As you read the scroll labeled YMPEMO LEYMOID, it crumbles to dust.
It is a scroll of identify.
Identify which item? (\ to view known items) (? for menu, Esc to quit)
c - a scroll of fog You constrict Grinder.
You constrict the orc priest. Grinder barely misses you.
The orc wizard hits your orc skeleton with a hand axe.
The orc priest invokes the aid of Beogh against you.
Beogh smites you!
You die...

##############
#............########
#....................
#............########
####............#
......Z@#########
.....o5o# o....
....>...# .l...
.....o..#
############ .o...
........#
#..........# .....
...o....#
#..........# .....
........#
#........<.# .....
........#
#..........## .....
#............


You could see Grinder, 2 orc priests, an orc wizard, an orc and a friendly orc
skeleton.

Vanquished Creatures
  An orc priest (D:4)
  A hound skeleton (D:4)
  3 adders
  An ooze (D:1)
  An adder zombie (D:4)
  2 dart slugs (D:1)
  A giant gecko (D:2)
  5 orcs (D:4)
  A bat (D:3)
  2 giant cockroaches
  3 goblins
  2 hobgoblins
  4 jackals (D:1)
  3 kobolds
  2 quokkas
  A ball python (D:3)
  3 giant newts
  4 rats
40 creatures vanquished.

Notes
Turn   | Place    | Note
--------------------------------------------------------------
     0 | D:1      | M4edhros the Octopode Necromancer began the quest for the Orb.
     0 | D:1      | Reached XP level 1. HP: 11/11 MP: 3/3
    34 | D:1      | Reached skill level 1 in Unarmed Combat
    49 | D:1      | Learned a level 1 spell: Animate Skeleton
    60 | D:1      | Reached XP level 2. HP: 7/17 MP: 1/5
   191 | D:2      | Reached XP level 3. HP: 11/21 MP: 2/6
   196 | D:2      | Learned a level 3 spell: Regeneration
   269 | D:2      | Found a blossoming altar of Fedhas.
   271 | D:2      | Found a burning altar of Makhleb.
   273 | D:2      | Found a snail-covered altar of Cheibriados.
   277 | D:2      | Became a worshipper of Cheibriados the Contemplative
   543 | D:4      | Noticed a phantom
   648 | D:3      | Reached * piety under Cheibriados
   769 | D:3      | Found a faded altar to an unknown god.
   796 | D:3      | Reached XP level 4. HP: 19/27 MP: 3/7
  1065 | D:4      | Reached XP level 5. HP: 4/31 MP: 2/8
  1162 | D:4      | Noticed Grinder
  1173 | D:4      | Killed from afar by an orc priest

Vault maps used:
D:1:      lemuel_arrival_muddy, xom_teletrap_fun
D:2:      grunt_temple_overflow_diamond, guppyfry_early_lair_pool
D:3:      ecumenical_altar_2, minmay_tree_intersection
D:4:      lemuel_doored_altar, serial_shops, nicolae_shop_overgrown_old_shop,
          serial_bayou_pond_d, kennysheep_generic_room_4, uniq_blork_the_orc,
          uniq_grinder

Skill      XL: |  1  2  3  4 |
---------------+-------------+-----
Unarmed Combat | 1 2 3 4 |  4.5
Dodging        | |  2.0
Stealth        | |  2.6
Spellcasting   | |  2.0
Necromancy     | |  4.0

Action                   |  1- 3 |  4- 6 || total
-------------------------+-------+-------++-------
Melee: Unarmed           |    38 |    41 ||    79
       Constrict         |    16 |    11 ||    27
       Tentacles         |     9 |    10 ||    19
       Punch             |     1 |     3 ||     4
 Cast: Pain              |    27 |     2 ||    29
       Animate Skeleton  |     4 |     2 ||     6
       Regeneration      |     5 |     7 ||    12
  Use: Potion            |     1 |     3 ||     4
       Scroll            |       |     2 ||     2
 Stab: Sleeping          |     4 |     3 ||     7
  Eat: Chunk             |       |     2 ||     2
Armor: Skin              |     3 |     4 ||     7
Dodge: Dodged            |    18 |    24 ||    42
